 Dungeon Crawl Stone Soup version 0.29.1-1-gd02db69 (webtiles) character file.

Game seed: 9920865906199114726

2017956 lyingbath the Hill Orc Barricade (level 27, 273/273 HPs)
             Began as a Hill Orc Monk on Mar 10, 2023.
             Was a High Priest of Beogh.
             Escaped with the Orb
             ... and 4 runes on Mar 12, 2023!
             The game lasted 06:01:18 (91610 turns).

lyingbath the Hill Orc Barricade (Hill Orc Monk)   Turns: 91610, Time: 06:01:18

Health: 273/273    AC: 50    Str: 37 (41) XL:     27
Magic:  40/40      EV: 10    Int:  3 (8)  God:    Beogh [*****.]
Gold:   6754       SH: 38    Dex: 17      Spells: 26/26 levels left

rFire   + + .      SeeInvis +   q - +7 broad axe "Gopna" {drain, Str+8}
rCold   + + .      Faith    .   n - +8 tower shield
rNeg    + + +      Spirit   .   y - +8 orange crystal plate armour {Archmagi, Int+3 Clar}
rPois   +          Reflect  .   (no helmet)
rElec   .          Harm     .   u - +1 cloak "Zidor" {rN+ Str+3}
rCorr   .          Rampage  .   r - +2 pair of gloves of Card Tricks {rC+ Str+3 Int-5}
Will    +++..      Archmagi +   f - +2 pair of boots
Stlth   .......... Clarity  +   X - amulet of Ru's Delight {Acrobat rPois Will+ Dex+4}
HPRegen 0.55/turn               J - ring "Xyehix" {rF+ rN+ Str+3}
MPRegen 0.27/turn               D - ring of Equilibrium {Drain rF+ rC+ rN+}

@: no status effects
A: walk on water, talons 1, large bone plates 1, see invisible, weak 2
0: Orb of Zot
}: 4/15 runes: decaying, serpentine, slimy, silver
a: Renounce Religion, Smiting, Recall Orcish Followers, Give Item to Named
Follower


You escaped.
You worshipped Beogh.
Beogh was extremely pleased with you.
You visited 12 branches of the dungeon, and saw 56 of its levels.
You also visited: Trove, Bailey, Gauntlet, Volcano and Wizlab.

You collected 12207 gold pieces.
You spent 5453 gold pieces at shops.

Inventory:

Hand Weapons
 q - the +7 broad axe "Gopna" (weapon) {drain, Str+8}
   (You found it in a bailey)

   A truly terrible weapon, it drains the life of any living foe it strikes.
   Str:       It affects your strength (+8).
 P - the +1 glaive of Apynionuo {vorpal, *Rage rCorr Str+4 Dex+3}
   (You found it on level 4 of the Realm of Zot)

   It inflicts extra damage upon your enemies.
   Str:       It affects your strength (+4).
   Dex:       It affects your dexterity (+3).
   *Rage:     It berserks you when you make melee attacks (+20% chance).
   rCorr:     It protects you from acid and corrosion.
Armour
 f - a +2 pair of boots (worn)
 n - a +8 tower shield (worn)
 r - the +2 pair of gloves of Card Tricks (worn) {rC+ Str+3 Int-5}
   (You found it on level 3 of the Crypt)

   Str:       It affects your strength (+3).
   Int:       It affects your intelligence (-5).
   rC:        It protects you from cold.
 u - the +1 cloak "Zidor" (worn) {rN+ Str+3}
   (You bought it in a shop on level 2 of the Orcish Mines)

   Str:       It affects your strength (+3).
   rN:        It protects you from negative energy.
 y - the +8 orange crystal plate armour (worn) {Archmagi, Int+3 Clar}
   (You found it in a Gauntlet)

   Int:       It affects your intelligence (+3).
   Clar:      It protects you against confusion.
 M - the +3 pair of boots of Loss {Harm Drain rF- Slay+5}
   (You found it in a Gauntlet)

   Slay:      It affects your accuracy & damage with ranged weapons and melee
   (+5).
   rF:        It makes you vulnerable to fire.
   Drain:     It drains your maximum health when unequipped.
   Harm:      It increases damage dealt and taken.
 N - a +2 helmet of see invisible
Jewellery
 d - the amulet of the Prince {Spirit Harm rElec rCorr Stlth-}
   (You took it off a deep elf high priest on level 3 of the Elven Halls)

   [amulet of guardian spirit]

   It causes incoming damage to be divided between your reserves of health and
   magic.
   rElec:     It insulates you from electricity.
   rCorr:     It protects you from acid and corrosion.
   Harm:      It increases damage dealt and taken.
   Stlth:     It makes you less stealthy.
 e - a ring of willpower
 j - a ring of resist corrosion
 k - a ring of willpower
 l - the ring "Enytezur" {Contam +Blink Str+4 Dex+6 Slay+3}
   (You found it in a Gauntlet)

   [ring of dexterity]

   Str:       It affects your strength (+4).
   Dex:       It affects your dexterity (+6).
   Slay:      It affects your accuracy & damage with ranged weapons and melee
   (+3).
   +Blink:    It lets you blink.
   Contam:    It causes magical contamination when unequipped.
 A - the ring of Ymai {rPois Str+3 Dex+6 Stlth-}
   (You acquired it on level 9 of the Dungeon)

   [ring of dexterity]

   Str:       It affects your strength (+3).
   Dex:       It affects your dexterity (+6).
   rPois:     It protects you from poison.
   Stlth:     It makes you less stealthy.
 D - the ring of Equilibrium (right hand) {Drain rF+ rC+ rN+}
   (You found it in a treasure trove)

   [ring of protection from fire]

   rF:        It protects you from fire.
   rC:        It protects you from cold.
   rN:        It protects you from negative energy.
   Drain:     It drains your maximum health when unequipped.
 E - a ring of protection from fire
 J - the ring "Xyehix" (left hand) {rF+ rN+ Str+3}
   (You found it on level 3 of the Realm of Zot)

   [ring of protection from fire]

   Str:       It affects your strength (+3).
   rF:        It protects you from fire.
   rN:        It protects you from negative energy.
 L - the amulet "Horghu Ovedu" {Acrobat Rampage rF- rCorr}
   (You found it in a treasure trove)

   [amulet of the acrobat]

   It increases your evasion while moving and waiting.
   rF:        It makes you vulnerable to fire.
   rCorr:     It protects you from acid and corrosion.
   Rampage:   It bestows one free step when moving towards enemies.
 O - the brooch of Shielding {Spirit SH+8}
   (You acquired it on level 2 of the Elven Halls)

   [amulet of guardian spirit]

   It causes incoming damage to be divided between your reserves of health and
   magic.
   SH:        It affects your SH (+8).
 Q - the amulet "Ydwedonn" {Spirit Will- Dex+4}
   (You found it in a treasure trove)

   [amulet of guardian spirit]

   It causes incoming damage to be divided between your reserves of health and
   magic.
   Dex:       It affects your dexterity (+4).
   Will:      It decreases your willpower.
 S - a ring of protection from cold
 T - the amulet "Lycut" {Regen+ Str+4 Dex-5}
   (You found it in a treasure trove)

   [amulet of regeneration]

   Str:       It affects your strength (+4).
   Dex:       It affects your dexterity (-5).
   Regen:     It increases your rate of health regeneration.
 U - the ring of Seusk {MP+9 EV+4 Slay+3}
   (You found it on level 2 of the Depths)

   [ring of evasion]

   EV:        It affects your evasion (+4).
   Slay:      It affects your accuracy & damage with ranged weapons and melee
   (+3).
   MP:        It affects your magic capacity (+9).
 W - the ring of Puekoth Bahu {Fly rElec Will- Int+2 Stlth+}
   (You found it in a treasure trove)

   [ring of flight]

   Int:       It affects your intelligence (+2).
   rElec:     It insulates you from electricity.
   Fly:       It grants you flight.
   Will:      It decreases your willpower.
   Stlth:     It makes you more stealthy.
 X - the amulet of Ru's Delight (around neck) {Acrobat rPois Will+ Dex+4}
   (You found it in a treasure trove)

   [amulet of the acrobat]

   It increases your evasion while moving and waiting.
   Dex:       It affects your dexterity (+4).
   rPois:     It protects you from poison.
   Will:      It increases your willpower.
 Y - the ring "Ritziw" {rElec rPois MP+9 Str+5}
   (You found it in a treasure trove)

   [ring of magical power]

   Str:       It affects your strength (+5).
   rElec:     It insulates you from electricity.
   rPois:     It protects you from poison.
   MP:        It affects your magic capacity (+9).
Wands
 h - a wand of paralysis (60)
 o - a wand of roots (26)
 B - a wand of quicksilver (20)
 I - a wand of digging (18)
Scrolls
 b - 10 scrolls of fear
 g - 28 scrolls of teleportation
 i - 2 scrolls of summoning
 t - 8 scrolls of immolation
 v - 9 scrolls of enchant weapon
 z - 7 scrolls of butterflies
 F - 13 scrolls of poison
 K - 4 scrolls of silence
 V - 3 scrolls of blinking
Potions
 a - 4 potions of mutation
 c - 4 potions of cancellation
 p - 10 potions of magic
 s - 9 potions of flight
 w - 8 potions of might
 x - 2 potions of haste
 C - 27 potions of curing
 G - a potion of resistance
 H - 2 potions of invisibility
 R - 8 potions of heal wounds
 Z - 5 potions of lignification


   Skills:
 O Level 27 Fighting
 - Level 18.0 Axes
 - Level 0.9 Throwing
 O Level 27 Armour
 - Level 2.9 Dodging
 - Level 1.5 Stealth
 O Level 27 Shields
 O Level 27 Invocations
 * Level 21.3 Evocations


You had 26 spell levels left.
You didn't know any spells.
Your spell library contained the following spells:

 Spells                   Type           Power      Damage    Failure   Level
 Apportation              Tloc           0%         N/A       94%         1
 Beastly Appendage        Tmut           0%         N/A       94%         1
 Foxfire                  Conj/Fire      0%         2x1d4     94%         1
 Freeze                   Ice            0%         1d3       94%         1
 Magic Dart               Conj           0%         1d3       94%         1
 Necrotise                Necr           0%         1d4       94%         1
 Sandblast                Erth           0%         2d4       94%         1
 Shock                    Conj/Air       0%         1d3       94%         1
 Slow                     Hex            0%         N/A       94%         1
 Sting                    Tmut/Pois      0%         1d3       94%         1
 Summon Small Mammal      Summ           0%         N/A       94%         1
 Blink                    Tloc           0%         N/A       98%         2
 Ensorcelled Hibernation  Hex/Ice        0%         N/A       98%         2
 Passwall                 Tmut/Erth      0%         N/A       98%         2
 Scorch                   Fire           0%         2d5       98%         2
 Searing Ray              Conj           0%         2d4       98%         2
 Static Discharge         Conj/Air       0%         3-3/arc   98%         2
 Sublimation of Blood     Necr           0%         N/A       98%         2
 Wereblood                Tmut           0%         N/A       98%         2
 Call Canine Familiar     Summ           0%         N/A       100%        3
 Confusing Touch          Hex            0%         N/A       100%        3
 Conjure Flame            Conj/Fire      0%         6-21      100%        3
 Dazzling Flash           Conj/Hex       0%         N/A       100%        3
 Frozen Ramparts          Ice            0%         1d1       100%        3
 Ignite Poison            Fire/Tmut/Pois 0%         N/A       100%        3
 Inner Flame              Hex/Fire       0%         N/A       100%        3
 Lesser Beckoning         Tloc           0%         N/A       100%        3
 Mephitic Cloud           Conj/Pois/Air  0%         N/A       100%        3
 Ozocubu's Armour         Ice            0%         N/A       100%        3
 Portal Projectile        Hex/Tloc       0%         N/A       100%        3
 Spider Form              Tmut/Pois      0%         N/A       100%        3
 Stone Arrow              Conj/Erth      0%         3d7       100%        3
 Summon Guardian Golem    Hex/Summ       0%         N/A       100%        3
 Swiftness                Air            0%         N/A       100%        3
 Tukima's Dance           Hex            0%         N/A       100%        3
 Airstrike                Air            0%         2d(0-16)  100%        4
 Anguish                  Hex/Necr       0%         N/A       100%        4
 Animate Armour           Summ/Erth      0%         N/A       100%        4
 Flame Wave               Conj/Fire      0%         2d4       100%        4
 Fulminant Prism          Conj/Hex       0%         3d6       100%        4
 Hailstorm                Conj/Ice       0%         3d3       100%        4
 Ice Form                 Ice/Tmut       0%         N/A       100%        4
 Iskenderun's Mystic Bla  Conj/Tloc      0%         2d3       100%        4
 Passage of Golubria      Tloc           0%         N/A       100%        4
 Petrify                  Tmut/Erth      0%         N/A       100%        4
 Sticky Flame             Conj/Fire      0%         2d3       100%        4
 Summon Ice Beast         Ice/Summ       0%         N/A       100%        4
 Summon Lightning Spire   Summ/Air       0%         N/A       100%        4
 Agony                    Necr           0%         N/A       100%        5
 Alistair's Intoxication  Tmut/Pois      0%         N/A       100%        5
 Blade Hands              Tmut           0%         N/A       100%        5
 Borgnjor's Vile Clutch   Necr/Erth      0%         N/A       100%        5
 Fireball                 Conj/Fire      0%         3d3       100%        5
 Freezing Cloud           Conj/Ice/Air   0%         6-21      100%        5
 Irradiate                Conj/Tmut      0%         3d11      100%        5
 Iskenderun's Battlesphe  Conj           0%         2d6       100%        5
 Lee's Rapid Deconstruct  Erth           0%         3d5*      100%        5
 Lightning Bolt           Conj/Air       0%         1d11      100%        5
 Manifold Assault         Tloc           0%         N/A       100%        5
 Metabolic Englaciation   Hex/Ice        0%         N/A       100%        5
 Silence                  Hex/Air        0%         N/A       100%        5
 Summon Forest            Summ/Tloc      0%         N/A       100%        5
 Summon Mana Viper        Hex/Summ       0%         N/A       100%        5
 Yara's Violent Unravell  Hex/Tmut       0%         3d3       100%        5
 Conjure Ball Lightning   Conj/Air       0%         3x3d6     100%        6
 Death Channel            Necr           0%         N/A       100%        6
 Eringya's Noxious Bog    Tmut/Pois      0%         N/A       100%        6
 Simulacrum               Ice/Necr       0%         N/A       100%        6
 Starburst                Conj/Fire      0%         6d3       100%        6
 Statue Form              Tmut/Erth      0%         N/A       100%        6
 Summon Cactus Giant      Summ           0%         N/A       100%        6
 Dragon Form              Tmut           0%         N/A       100%        7
 Enfeeble                 Hex            0%         N/A       100%        7
 Haunt                    Necr/Summ      0%         N/A       100%        7
 Monstrous Menagerie      Summ           0%         N/A       100%        7
 Orb of Destruction       Conj           0%         9d5       100%        7
 Ozocubu's Refrigeration  Ice            0%         4d7       100%        7
 Storm Form               Tmut/Air       0%         N/A       100%        7
 Summon Hydra             Summ           0%         N/A       100%        7
 Borgnjor's Revivificati  Necr           0%         N/A       100%        8
 Discord                  Hex            0%         N/A       100%        8
 Disjunction              Tloc           0%         N/A       100%        8
 Lehudib's Crystal Spear  Conj/Erth      0%         10d2      100%        8
 Maxwell's Capacitive Co  Air            0%         ∞         100%        8
 Necromutation            Tmut/Necr      0%         N/A       100%        8
 Chain Lightning          Conj/Air       0%         N/A       100%        9
 Death's Door             Necr           0%         N/A       100%        9
 Fire Storm               Conj/Fire      0%         5d1       100%        9


Dungeon Overview and Level Annotations

Branches:
Dungeon (15/15)            Temple (0/1) D:6            Lair (5/5) D:9
  Swamp (4/4) Lair:2        Snake (4/4) Lair:3        Slime (5/5) Lair:5
    Orc (2/2) D:10            Elf (3/3) Orc:2        Vaults (5/5) D:13
  Crypt (3/3) Vaults:3       Tomb (1/3) Crypt:3      Depths (4/4) D:15
    Zot (5/5) Depths:4     Bailey (visited)         Volcano (visited)
 WizLab (visited)         Gauntlet (visited)

Altars:
Gozag
Kikubaaqudgha
Nemelex Xobeh
Okawaru
Ru
Sif Muna
Trog
Uskayaw
Wu Jian
Yredelemnul
The Shining One
Jiyva

Shops:
D:12 [   D:13 (   Orc:2 [[[?   Elf:2 :   Snake:1 ?:[!   Snake:4 [=(*
Vaults:2 =   Vaults:3 ?   Depths:1 ::==   Depths:2 *   Depths:3 *

Portals:
Hell: Depths:1 Depths:2 Depths:3 Depths:4
Abyss: Depths:2 Depths:3
Pandemonium: Depths:2
Ziggurat: Depths:3

Annotations:
D:3 3 runed translucent doors, Crazy Yiuf; Jonnyslop's ghost, amateur TrFi
D:4 1 runed translucent door, Peacahk's ghost, amateur HOSu


Innate Abilities, Weirdness & Mutations

You can walk on water.
You have sharp toenails.
You are partially covered in large bone plates. (SH +4)
You have supernaturally acute eyesight. (SInv)
You are very weak. (Str -4)


Message History

Your orc knight is recalled.
Your orc knight roars a battlecry!
Your orcs go into a battle-frenzy!
You block the shadow demon's attack.
Morbeogh hits the shadow demon from afar with a +7 antimagic halberd!!!
The shadow demon dies!
Beogh accepts your kill.
No target in view!
No target in view!
No target in view!
You swap places.
Bolgrim is recalled.
Gorg is recalled.
You finish recalling your allies.
You swap places.
There is a stone staircase leading down here.
Learuk no longer looks unusually strong.
Morbeogh roars a battlecry!
Bolgrim goes into a battle-frenzy!
Your orc knight no longer looks unusually strong.
Your orc knight goes into a battle-frenzy!
Zartorak no longer looks unusually strong.
Zartorak goes into a battle-frenzy!
A green death comes into view.
The green death roars!
Beogh accepts your kill.
Beogh blesses a follower with healing.
You feel a bit more experienced.
Zartorak wields a +0 arbalest.
Zartorak shoots a bolt.
The bolt hits the green death!!
A bolt appears from out of your range of vision.
The bolt hits the green death.
Zartorak roars a battlecry!
Zartorak shoots a bolt.
The bolt hits the green death!!
There is an open door here.
You hear a thunk.
The bolt hits the green death!!
The green death dies!
Beogh accepts your kill.
There is an open door here.
There is a staircase leading out of the dungeon here.
You have escaped!

#..##..>.#.#...###.##.#........
###.###....#.....##.......##.....
....##.........#..#..#.#####.....
...#.........#.#)......###.......
...........#.o.......###...#.....
.....................###.........
..≈≈≈≈≈≈≈≈.≈≈≈≈≈≈≈≈.......###.###
..≈####≈≈≈.≈≈≈####≈.....#.# #.#
..≈#∩.####'####.@#≈.....#†# #.#
..≈#..'.(...o.'..#≈#.....†###.###
..≈##'####'####'##≈............÷.
..≈≈#.#.......#.#≈≈.#......##.###
†.≈≈#.#...8...#.#≈≈..............
..≈≈#.+.#####.'.#≈≈(#.#....##.###
..≈≈#.#...8...#.#≈≈.#.#....##.###
..≈≈#.#.......#.#≈≈.#.#....##....
..≈##'####'####+##≈.#....######..


You could see the friendly Zartorak the orc warlord (strong).

Vanquished Creatures
  the Royal Jelly (Slime:5)
  A dread lich (Zot:5)
  4 orbs of fire
  Mara (Snake:3)
  3 juggernauts
  The ghost of Cankoss the Hawkeye, a veteran TrGl of Okawaru (Zot:3)
  Boris (thrice) (Vaults:3 Depths:1 Depths:2)
  Vv (Zot:3)
  A Head Instructor (WizLab)
  the Lernaean hydra (Swamp:4)
  Bai Suzhen (Vaults:2)
  A curse toe (Zot:4)
  6 Killer Klowns
  A caustic shrike (Depths:3)
  11 golden dragons
  A profane servitor (Crypt:2)
  Jory (Vaults:3)
  the Enchantress (Depths:3)
  14 tentacled monstrosities
  7 liches
  An electric golem (Zot:5)
  Asterion (Vaults:3)
  24 Orb Guardians
  4 titans
  A walking frostbound tome (Depths:2)
  A walking earthen tome (Depths:3)
  6 quicksilver dragons
  3 deep elf blademasters (Elf:3)
  17 acid blobs
  12 sphinxes
  2 deep elf master archers (Elf:3)
  2 thorn hunters
  6 ancient champions
  6 death cobs
  12 storm dragons
  11 shadow dragons
  3 revenants
  5 nagarajas
  3 fenstrider witches
  10 tengu reavers
  6 draconian knights
  5 draconian monks
  8 azure jellies
  14 rockslimes
  14 vault wardens
  8 deep elf sorcerers
  10 fire giants
  2 iron dragons
  A cacodemon (Depths:3)
  An orc warlord (Vaults:3)
  2 curse skulls
  6 frost giants
  5 draconian scorchers
  Louise (Snake:3)
  9 draconian shifters
  4 deep elf elementalists (Elf:3)
  29 very ugly things
  8 draconian annihilators
  2 war gargoyles
  13 quicksilver oozes
  3 draconian stormcallers
  9 ghouls
  31 ironbound preservers
  3 spriggan defenders (Depths:3)
  9 green draconians
  8 ironbound thunderhulks
  17 stone giants
  14 vampire knights
  15 black draconians
  4 deep elf demonologists
  An entropy weaver (Vaults:3)
  2 elemental wellsprings (Depths:3)
  6 bunyips
  Azrael (D:12)
  27 dire elephants
  A minotaur (Gauntlet)
  9 deep elf annihilators
  2 spark wasps
  10 yellow draconians
  4 eleionomae
  10 purple draconians
  13 white draconians
  9 red draconians
  Snorg (Orc:2)
  A blizzard demon (D:7)
  7 deep elf death magi
  2 merfolk javelineers
  10 ettins
  A shambling mangrove (Swamp:1)
  2 eidola (Crypt:1)
  18 jiangshi
  A spectral spriggan (Crypt:3)
  A mummy priest (Tomb:1)
  7 fire dragons
  A crystal guardian (Vaults:4)
  9 great orbs of eyes
  Josephine (D:15)
  6 deep elf high priests
  A spriggan zombie (Tomb:1)
  3 boulder beetles
  2 salamander tyrants (Snake:4)
  14 vault guards
  11 yaktaur captains
  4 peacekeepers
  3 rakshasas (Depths:2)
  2 ghost crabs
  26 hydras
  11 ice dragons
  4 ogre magi
  6 centaur warriors
  6 spriggan air magi
  6 ironbound frosthearts
  11 two-headed ogres
  7 anacondas
  3 death knights
  39 dancing weapons
  12 death yaks
  7 tengu warriors
  13 alligators
  14 naga warriors
  A two-headed ogre (shapeshifter) (Vaults:5)
  5 deep troll shamans
  5 vampire magi
  A titan zombie (Tomb:1)
  11 shock serpents
  8 deep troll earth magi
  A thrashing horror (Gauntlet)
  7 hell knights
  An orc high priest (Elf:2)
  8 spriggan berserkers
  12 naga sharpshooters
  15 deep elf knights
  A sixfirhy (Gauntlet)
  35 skeletal warriors
  A goliath frog (shapeshifter) (Depths:1)
  4 shadow wraiths
  9 iron trolls
  4 goliath frogs
  An anaconda zombie (Crypt:1)
  6 salamander mystics
  5 spriggan druids
  3 glowing orange brains
  8 deep elf archers
  9 naga ritualists
  11 swamp dragons
  75 deep trolls
  7 wizards
  14 lindwurms
  An orange crystal statue (Depths:3)
  A swamp dragon (shapeshifter) (Elf:1)
  4 flayed ghosts
  10 necromancers
  A bunyip skeleton (Crypt:3)
  29 deep elf zephyrmancers
  9 phantasmal warriors
  6 bog bodies
  6 orc knights
  A tengu skeleton (Vaults:1)
  18 mana vipers
  29 deep elf pyromancers
  30 ugly things
  15 ironbound convokers
  3 shining eyes
  A wolf spider (Lair:1)
  3 cyclopes
  2 orc sorcerers
  A jorogumo skeleton (Crypt:2)
  3 manticores
  11 salamanders
  21 moths of wrath
  21 vault sentinels
  3 elephants (Lair:4)
  A centaur zombie (Crypt:1)
  3 will-o-the-wisps
  A guardian serpent (Snake:3)
  8 naga magi
  29 black mambas
  Maggie (D:9)
  A gargoyle (D:12)
  3 elf skeletons
  2 rime drakes (D:13)
  7 cane toads
  A torpor snail (Lair:3)
  4 eyes of devastation
  An unseen horror (shapeshifter) (Depths:2)
  A yaktaur zombie (Vaults:1)
  A tormentor (Zot:1)
  An unseen horror (D:11)
  A hellion (Depths:2)
  3 ice devils (Depths:2)
  3 komodo dragons
  A spectral naga (Snake:2)
  2 minotaur zombies (Gauntlet)
  7 guardian mummies (Tomb:1)
  50 yaktaurs
  9 freezing wraiths
  3 tengu conjurers
  A hellwing (Zot:5)
  A red devil (Depths:2)
  A polar bear (shapeshifter) (D:13)
  12 tyrant leeches
  10 trolls
  11 hornets
  A queen bee (shapeshifter) (D:14)
  A merfolk zombie (Crypt:1)
  A hydra skeleton (Crypt:1)
  2 polar bears
  25 blink frogs
  6 dream sheep (Lair:5)
  76 slime creatures
  A stone giant simulacrum (Crypt:3)
  An ice dragon skeleton (Crypt:1)
  A vampire (D:12)
  25 flying skulls
  A guardian serpent skeleton (Crypt:1)
  A ynoxinul (Depths:2)
  16 spriggans
  11 water elementals
  12 air elementals
  16 yaks
  5 shadows
  16 fire elementals
  5 wyverns
  9 wraiths
  4 fire bats (Volcano)
  2 steam dragons
  A basilisk (Lair:4)
  A neqoxec (Depths:2)
  11 redbacks
  7 vampire mosquitoes
  A chaos spawn (Depths:2)
  A naga zombie (Crypt:1)
  7 wargs
  39 nagas
  3 acid dragons
  14 swamp worms
  13 water moccasins
  A floating eye (Slime:4)
  2 hell hounds (D:12)
  7 swamp drakes (Swamp:4)
  3 black bears (Lair:5)
  12 orc warriors
  A swamp dragon zombie (Crypt:1)
  A deep troll skeleton (Crypt:2)
  26 ogres
  A human zombie (Vaults:4)
  6 boggarts
  36 wolves
  A centaur (D:9)
  A swamp dragon skeleton (Crypt:1)
  A rime drake zombie (Crypt:1)
  2 kobold brigands
  A phantom (D:5)
  6 small abominations
  8 earth elementals
  9 bullfrogs
  3 scorpions
  7 necrophages
  A naga simulacrum (Crypt:1)
  10 wights
  A polar bear zombie (Crypt:2)
  7 howler monkeys
  5 lava snakes (Volcano)
  A hound (D:5)
  A jelly (D:5)
  4 orc priests
  7 iguanas
  3 orc wizards
  7 mummies (Tomb:1)
  A hound skeleton (Crypt:2)
  12 adders
  A river rat (D:4)
  A shadow imp (D:6)
  3 ufetubi
  4 worms
  3 dart slugs
  24 orcs
  13 ball pythons
  A bat skeleton (Crypt:2)
  10 endoplasms
  3 giant cockroaches (D:1)
  7 goblins
  6 hobgoblins
  8 jackals
  2 quokkas
  8 bats
  6 frilled lizards
  A jackal skeleton (Crypt:1)
  16 kobolds
  4 rats
  A spectral orc (D:3)
  A bush (D:4)
2151 creatures vanquished.

Vanquished Creatures (collateral kills)
  An ancient lich (Vaults:5)
  A dread lich (Zot:5)
  2 orbs of fire (Zot:4)
  The ghost of Pongem the Conqueror, a legendary MiAK of Lugonu (Zot:4)
  A royal mummy (Tomb:1)
  A curse toe (Zot:3)
  3 Killer Klowns
  4 golden dragons
  A bone dragon (Crypt:3)
  3 electric golems (Zot:4)
  4 Orb Guardians
  4 tentacled monstrosities
  An acid blob (Slime:2)
  3 titans (Zot:4)
  2 quicksilver dragons
  An ancient champion (Crypt:3)
  6 death cobs
  4 sphinxes
  2 tengu reavers
  5 storm dragons
  2 shadow dragons
  A nagaraja (Snake:4)
  3 draconian knights
  6 vault wardens (Vaults:5)
  3 frost giants
  2 draconian annihilators (Zot:5)
  2 ghouls (Swamp:3)
  A ghost moth (Zot:4)
  2 ironbound preservers
  An angel (D:1)
  3 stone giants
  A war gargoyle (Vaults:4)
  3 very ugly things
  2 black draconians (Zot:1)
  2 deep elf annihilators
  2 purple draconians
  2 vampire knights
  2 green draconians
  3 yellow draconians
  2 white draconians
  4 dire elephants (Vaults:3)
  A spark wasp (Depths:1)
  3 red draconians (Zot:1)
  A deep elf death mage (Crypt:3)
  An ettin (Vaults:5)
  A green death (D:1)
  A crystal guardian (Vaults:1)
  A merfolk javelineer (Depths:1)
  3 jiangshi (Crypt:2)
  3 fire dragons (Depths:1)
  A great orb of eyes (Vaults:4)
  6 yaktaur captains
  A centaur warrior (D:14)
  An ogre mage (Vaults:5)
  15 vault guards
  A merfolk aquamancer (Elf:3)
  11 hydras
  4 dancing weapons
  2 alligators
  8 naga warriors
  A deep troll shaman (Depths:1)
  2 two-headed ogres
  3 death yaks
  2 orc high priests
  A tengu warrior (Depths:1)
  A spriggan berserker (Depths:1)
  3 deep troll earth magi (Depths:1)
  A vampire mage (Depths:3)
  A shock serpent (Snake:4)
  3 naga sharpshooters
  7 hell knights
  7 skeletal warriors
  2 deep elf knights
  A salamander mystic (Snake:3)
  2 iron trolls (Depths:1)
  A flayed ghost (Vaults:3)
  A shadow demon (D:1)
  4 naga ritualists
  A spriggan druid (Lair:2)
  2 lindwurms
  A swamp dragon (Swamp:3)
  10 deep trolls
  4 phantasmal warriors
  5 deep elf archers
  2 ironbound convokers (Vaults:4)
  6 deep elf zephyrmancers
  4 deep elf pyromancers
  An orc sorcerer (Orc:1)
  A cyclops (D:15)
  2 moths of wrath (Zot:1)
  2 salamanders
  11 ugly things
  3 manticores
  6 black mambas
  2 elephants (Lair:4)
  2 vault sentinels
  5 naga magi
  3 cane toads
  10 yaktaurs
  2 rime drakes (Lair:4)
  A freezing wraith (Vaults:3)
  A komodo dragon (Lair:2)
  3 tengu conjurers
  An efreet (Zot:5)
  A hellwing (Zot:4)
  2 guardian mummies
  3 polar bears
  2 hornets (Lair:5)
  5 slime creatures
  7 blink frogs
  3 dream sheep (Lair:5)
  26 flying skulls
  3 air elementals (Elf:2)
  6 water elementals
  5 wraiths
  A wyvern (Lair:4)
  3 spriggans (Lair:5)
  A fire elemental (Depths:1)
  3 basilisks
  6 yaks
  2 redbacks (Elf:1)
  A vampire mosquito (D:12)
  9 nagas
  An acid dragon (D:14)
  A harpy simulacrum (D:12)
  2 water moccasins
  A small abomination (Zot:5)
  An orc warrior (D:12)
  A black bear (Lair:5)
  7 wolves
  A boggart (Lair:5)
  An elephant skeleton (Crypt:2)
  2 bullfrogs
  A necrophage (Swamp:3)
  4 earth elementals
  A scorpion (D:9)
  A troll skeleton (Crypt:2)
  A howler monkey (D:9)
  3 orc priests
  3 orc wizards
  2 mummies (Tomb:1)
  6 orcs
  A bush (Lair:2)
428 creatures vanquished.

Vanquished Creatures (others)
  A draconian knight (Zot:4)
  2 orc warlords
  A spriggan air mage (Swamp:3)
  2 orc high priests
  12 orc sorcerers
  A spriggan druid (Swamp:4)
  A deep elf pyromancer (Elf:2)
  16 orc knights
  A black mamba (Snake:2)
  A red devil (Depths:2)
  2 bloated husks
  A water moccasin (shapeshifter) (Elf:1)
  27 orc warriors
  35 orc priests
  20 orc wizards
  39 orcs
  19 demonic plants (Gauntlet)
  14 foxfires
  75 fungi
  75 plants
  2 withered plants (D:4)
347 creatures vanquished.

Grand Total: 2926 creatures vanquished

Notes
Turn   | Place    | Note
-------+----------+-------------------------------------------
     0 | D:1      | lyingbath the Hill Orc Monk began the quest for the Orb.
     0 | D:1      | Reached XP level 1. HP: 19/19 MP: 1/1
   144 | D:1      | Reached XP level 2. HP: 22/27 MP: 2/2
   471 | D:1      | Reached XP level 3. HP: 30/33 MP: 3/3
   837 | D:2      | Reached skill level 5 in Axes
  1153 | D:2      | Found a faded altar of an unknown god.
  1452 | D:3      | Found a bloodstained altar of Trog.
  1463 | D:3      | Identified the +1 animal skin of the Blacksmith {Harm
                  | Rampage Dex+4}
  1546 | D:3      | Reached XP level 4. HP: 39/40 MP: 4/4
  1586 | D:3      | Found a large runed translucent door.
  1586 | D:3      | Found a large runed translucent door.
  1586 | D:3      | Noticed Jonnyslop's ghost (amateur TrFi)
  1600 | D:3      | Identified the +4 ring mail "Pykagax" {Harm rPois rC-
                  | Stlth+}
  1643 | D:3      | Got the Quarto of the Mutagenic Flock
  2169 | D:3      | Reached skill level 1 in Armour
  2276 | D:3      | Found a runed translucent door.
  2277 | D:3      | Noticed Crazy Yiuf
  2397 | D:3      | Found a basalt altar of Yredelemnul.
  2569 | D:3      | Reached XP level 5. HP: 47/47 MP: 5/5
  3024 | D:4      | Noticed an ogre
  3036 | D:4      | Killed an ogre
  3037 | D:4      | Reached XP level 6. HP: 7/53 MP: 6/6
  3911 | D:4      | Found an iron altar of Okawaru.
  4421 | D:4      | Found a runed translucent door.
  4457 | D:4      | Noticed Peacahk's ghost (amateur HOSu)
  4913 | D:5      | Entered Level 5 of the Dungeon
  4986 | D:5      | Reached skill level 5 in Fighting
  4991 | D:5      | Reached skill level 1 in Shields
  4991 | D:5      | Reached XP level 7. HP: 59/61 MP: 7/7
  5566 | D:5      | Became a worshipper of Beogh the Brigand
  5566 | D:5      | Reached * piety under Beogh
  5566 | D:5      | Reached ** piety under Beogh
  6003 | D:6      | Noticed a steam dragon
  6018 | D:6      | Killed a steam dragon
  6019 | D:6      | Reached skill level 1 in Evocations
  6019 | D:6      | Reached XP level 8. HP: 36/69 MP: 8/8
  6507 | D:6      | Reached skill level 5 in Armour
  6857 | D:6      | Found a staircase to the Ecumenical Temple.
  7320 | D:6      | Found an ornate altar of the Wu Jian Council.
  7541 | D:6      | Reached skill level 10 in Axes
  7886 | D:7      | Reached XP level 9. HP: 63/68 MP: 9/9
  8405 | D:7      | Identified a scroll of acquirement
  8428 | D:7      | Acquired 1011 gold pieces
  8635 | D:8      | Found a flagged portal.
  8663 | Bailey   | Entered a bailey
  9061 | Bailey   | Found a large runed translucent door.
  9061 | Bailey   | Found a large runed translucent door.
  9063 | Bailey   | Noticed a deep elf pyromancer
  9077 | Bailey   | Noticed an orc knight
  9138 | Bailey   | Killed an orc knight
  9138 | Bailey   | Reached *** piety under Beogh
  9380 | Bailey   | Killed a deep elf pyromancer
  9381 | Bailey   | Reached XP level 10. HP: 86/86 MP: 10/10
  9414 | Bailey   | Identified the +7 broad axe "Gopna" {drain, Str+8}
  9714 | D:8      | Found a glowing golden altar of the Shining One.
  9753 | D:8      | Found an opulent altar of Gozag.
 10421 | D:8      | Found an ancient bone altar of Kikubaaqudgha.
 10584 | D:9      | Identified the +10 dagger of Terror {freeze, rElec rN+
                  | Int+4}
 10627 | D:9      | Acquired the ring of Ymai {rPois Str+3 Dex+6 Stlth-}
 10715 | D:9      | Noticed Maggie
 10733 | D:9      | Killed Maggie
 10798 | D:9      | Found a hide-covered altar of Uskayaw.
 11065 | D:9      | Found a sparkling altar of Nemelex Xobeh.
 11292 | D:9      | Found a staircase to the Lair.
 11295 | D:9      | Paralysed by an orc warrior for 3 turns
 11426 | D:10     | Entered Level 10 of the Dungeon
 11453 | D:10     | Reached XP level 11. HP: 95/95 MP: 11/11
 11455 | D:10     | Reached **** piety under Beogh
 11920 | D:10     | Noticed a two-headed ogre
 12087 | D:10     | Gained Oruk as an ally
 12088 | D:10     | Reached skill level 15 in Axes
 12216 | D:10     | Found a portal to a secret trove of treasure.
 12409 | D:10     | Found a staircase to the Orcish Mines.
 12445 | D:10     | Gained Argrim as an ally
 12574 | D:11     | Noticed a four-headed hydra
 12580 | D:10     | Killed a four-headed hydra
 12714 | D:11     | Noticed a two-headed ogre
 12733 | D:10     | Killed a two-headed ogre
 12943 | D:11     | Noticed a cyan ugly thing
 12960 | D:11     | Killed a cyan ugly thing
 13049 | D:11     | Noticed a two-headed ogre
 13056 | D:11     | Killed a two-headed ogre
 13166 | D:11     | Found a large runed translucent door.
 13166 | D:11     | Found a large runed translucent door.
 13222 | D:11     | Reached skill level 5 in Shields
 13652 | D:11     | Identified the +5 leather armour of the Gusle {rN+}
 13961 | D:11     | Paralysed by an air elemental for 1 turns
 13969 | D:11     | Paralysed by an air elemental for 1 turns
 13976 | D:11     | Gained Bogmar as an ally
 14126 | D:12     | Reached skill level 10 in Armour
 14484 | D:12     | Reached skill level 10 in Fighting
 14484 | D:12     | Your ally Bogmar died
 14594 | D:12     | Noticed a cyan ugly thing
 14600 | D:12     | Noticed a deep elf pyromancer
 14602 | D:12     | Killed a cyan ugly thing
 14607 | D:12     | Killed a deep elf pyromancer
 14607 | D:12     | Gained Urtork as an ally
 14608 | D:12     | Reached XP level 12. HP: 91/107 MP: 12/12
 14609 | D:12     | Your ally Urtork died
 14727 | D:12     | Found Qapluamu's Antique Armour Boutique.
 14865 | D:12     | Noticed Azrael
 14877 | D:12     | Killed Azrael
 15183 | D:12     | Noticed a six-headed hydra
 15193 | D:12     | Killed a six-headed hydra
 15620 | D:13     | Noticed a tengu warrior
 15722 | D:13     | Killed a tengu warrior
 16270 | D:13     | Noticed an eight-headed hydra
 16298 | D:13     | Noticed a centaur warrior
 16326 | D:12     | Killed a ten-headed hydra
 16541 | D:13     | Killed a centaur warrior
 16636 | D:13     | Noticed an ice dragon
 16649 | D:13     | Killed an ice dragon
 17083 | D:13     | Found Xeewakou's Antique Weapon Shop.
 17254 | D:13     | Noticed an ice dragon
 17543 | D:12     | Killed an ice dragon
 17583 | D:13     | Noticed a two-headed ogre
 17589 | D:13     | Killed a two-headed ogre
 17589 | D:13     | Reached ***** piety under Beogh
 17590 | D:13     | Reached XP level 13. HP: 112/119 MP: 13/13
 17627 | D:13     | Found a gate to the Vaults.
 17779 | Lair:1   | Entered Level 1 of the Lair of Beasts
 17847 | Lair:1   | You fall into a shaft and drop 1 floor!
 17862 | Lair:2   | Reached skill level 1 in Invocations
 17972 | Lair:2   | Found a gate leading to a gauntlet.
 17981 | Gauntlet | Entered a Gauntlet
 17981 | Gauntlet | Found a transporter.
 17981 | Gauntlet | Found a transporter.
 18092 | Gauntlet | Found a transporter.
 18092 | Gauntlet | Found a transporter.
 18100 | Gauntlet | Found a transporter.
 18104 | Gauntlet | Found a large runed translucent door.
 18105 | Gauntlet | Found a large runed translucent door.
 18106 | Gauntlet | Found a large runed translucent door.
 18106 | Gauntlet | Found a large runed translucent door.
 18106 | Gauntlet | Found a large runed translucent door.
 18122 | Gauntlet | Found a transporter.
 18126 | Gauntlet | Found a transporter.
 18130 | Gauntlet | Found a transporter.
 18130 | Gauntlet | Found a transporter.
 18133 | Gauntlet | Found a transporter.
 18135 | Gauntlet | Found a large runed translucent door.
 18177 | Gauntlet | Found a transporter.
 18222 | Gauntlet | Found a transporter.
 18234 | Gauntlet | Found a transporter.
 18254 | Gauntlet | Found a transporter.
 18398 | Gauntlet | Found a large runed translucent door.
 18399 | Gauntlet | Found the +8 orange crystal plate armour {Archmagi, Int+3
                  | Clar}
 18444 | Gauntlet | Found a runed translucent gate.
 18499 | Gauntlet | Found a transporter.
 18501 | Gauntlet | Found a large runed translucent door.
 18502 | Gauntlet | Found a large runed translucent door.
 18503 | Gauntlet | Found a runed translucent door.
 18503 | Gauntlet | Found a runed translucent door.
 18503 | Gauntlet | Found a large runed translucent door.
 18503 | Gauntlet | Found a large runed translucent door.
 18507 | Gauntlet | Found a large runed translucent door.
 18508 | Gauntlet | Found a large runed translucent door.
 18508 | Gauntlet | Found a large runed translucent door.
 18510 | Gauntlet | Found a large runed translucent door.
 18510 | Gauntlet | Found a large runed translucent door.
 18513 | Gauntlet | Found a runed translucent gate.
 18513 | Gauntlet | Found a runed translucent gate.
 18515 | Gauntlet | Found a transporter.
 18648 | Gauntlet | Identified the +12 great sword of Bodily Harmony {speed,
                  | Drain rCorr Dex+4}
 18773 | Gauntlet | Identified the ring "Enytezur" {Contam +Blink Str+4 Dex+6
                  | Slay+3}
 18818 | Gauntlet | Reached skill level 10 in Shields
 18832 | Gauntlet | Identified the +8 dagger of Judgement {vorpal, Str+4}
 18833 | Gauntlet | Identified the +3 pair of boots of Loss {Harm Drain rF-
                  | Slay+5}
 18971 | Gauntlet | Identified the +10 short sword "Kyski" {venom, rPois Str-2
                  | Int+2}
 18971 | Gauntlet | Noticed a minotaur
 18993 | Gauntlet | Killed a minotaur
 19044 | Gauntlet | Got Sif Muna's Essays on the Pyre and the Impact
 19410 | Lair:2   | Found a staircase to the Swamp.
 20260 | Lair:3   | Found a staircase to the Snake Pit.
 20288 | Lair:3   | Reached XP level 14. HP: 125/133 MP: 15/15
 20545 | Lair:3   | Found a dark tunnel.
 20558 | Volcano  | Entered a volcano
 21330 | Lair:1   | Gained Warbeogh as an ally
 21335 | Lair:1   | Reached skill level 15 in Fighting
 22288 | D:10     | You paid a toll of +3 ice dragon scales to enter a treasure
                  | trove
 22289 | Trove    | Entered a treasure trove
 22296 | Trove    | Identified the ring of Equilibrium {Drain rF+ rC+ rN+}
 22298 | Trove    | Identified the amulet "Horghu Ovedu" {Acrobat Rampage rF-
                  | rCorr}
 22300 | Trove    | Identified the amulet "Ydwedonn" {Spirit Will- Dex+4}
 22307 | Trove    | Identified the amulet "Lycut" {Regen+ Str+4 Dex-5}
 22313 | Trove    | Identified the ring of Puekoth Bahu {Fly rElec Will- Int+2
                  | Stlth+}
 22315 | Trove    | Identified the amulet of Ru's Delight {Acrobat rPois Will+
                  | Dex+4}
 22317 | Trove    | Identified the ring "Ritziw" {rElec rPois MP+9 Str+5}
 24184 | Lair:5   | Entered Level 5 of the Lair of Beasts
 24240 | Lair:4   | Gained Orik as an ally
 24549 | Lair:5   | Found a staircase to the Slime Pits.
 24703 | Lair:5   | Reached skill level 15 in Armour
 24800 | Lair:4   | Reached ****** piety under Beogh
 25160 | Lair:5   | Gained Bogbrand as an ally
 25172 | Lair:5   | Identified the +2 leather armour "Addamasm" {rPois Will-
                  | rCorr Dex+3}
 25207 | Lair:5   | Reached XP level 15. HP: 141/144 MP: 16/16
 25934 | Orc:1    | Entered Level 1 of the Orcish Mines
 26164 | Orc:2    | Entered Level 2 of the Orcish Mines
 26394 | Orc:2    | Found Camp's Antique Armour Shoppe.
 26399 | Orc:2    | Found Sopsi's Antique Armour Boutique.
 26401 | Orc:2    | Found Onimoe's Magic Scroll Boutique.
 26403 | Orc:2    | Found Syxunaod's Armour Shop.
 26426 | Orc:2    | Bought the +1 cloak "Zidor" {rN+ Str+3} for 405 gold pieces
 26534 | Orc:2    | Noticed Snorg
 26540 | Orc:2    | Killed Snorg
 26588 | Orc:2    | Found a staircase to the Elven Halls.
 27315 | Snake:1  | Entered Level 1 of the Snake Pit
 27396 | Snake:1  | Found Lesis's Antique Armour Emporium.
 27401 | Snake:1  | Found Ehuav's Book Shoppe.
 27403 | Snake:1  | Found Fiqus's Magic Scroll Emporium.
 27420 | Snake:1  | Gained Ugrim as an ally
 27429 | Snake:1  | Bought a scroll of identify for 34 gold pieces
 27429 | Snake:1  | Bought a scroll of identify for 34 gold pieces
 27429 | Snake:1  | Bought a scroll of identify for 34 gold pieces
 27631 | Snake:1  | Identified the +3 leather armour of the Armadillo {+Blink
                  | rN+}
 27724 | Snake:1  | Found Geymy's Distillery.
 28078 | Snake:1  | Noticed a nagaraja
 28090 | Snake:1  | Killed a nagaraja
 28489 | Snake:1  | Gained Garbold as an ally
 28933 | Snake:1  | Reached XP level 16. HP: 54/157 MP: 17/17
 29220 | Snake:2  | Noticed a nagaraja
 29227 | Snake:2  | Killed a nagaraja
 29276 | Snake:2  | Reached skill level 15 in Shields
 30579 | Snake:3  | Noticed Louise
 30589 | Snake:3  | Killed Louise
 30784 | Snake:3  | Gained Jorge as an ally
 30784 | Snake:3  | Gained Nordag as an ally
 31610 | Snake:3  | Noticed Mara
 31615 | Snake:3  | Noticed lyingbath's illusion
 31617 | Snake:3  | Your ally Jorge died
 31623 | Snake:3  | Killed Mara
 32070 | Snake:4  | Entered Level 4 of the Snake Pit
 32460 | Snake:3  | Reached XP level 17. HP: 140/166 MP: 19/19
 32559 | Snake:4  | Gained Bogbrand as an ally
 32939 | Snake:4  | Your ally Garbold died
 32940 | Snake:4  | Your ally Bogbrand died
 32963 | Snake:4  | Your ally Nordag died
 32978 | Snake:4  | Your ally Orik died
 33176 | Snake:4  | Gained Bogwik as an ally
 33429 | Snake:4  | Got a serpentine rune of Zot
 33487 | Snake:4  | Found Ukias's Armour Shoppe.
 33489 | Snake:4  | Found Urchemuo's Antique Weapon Emporium.
 33489 | Snake:4  | Found Deru's Jewellery Shoppe.
 33494 | Snake:4  | Found Ulivvaka's General Store.
 34320 | Swamp:1  | Entered Level 1 of the Swamp
 35641 | Swamp:2  | Identified the +1 scale mail "Netuel" {Will- Str+6 Int+4}
 35946 | Swamp:3  | Gained Milork as an ally
 36042 | Swamp:3  | Your ally Milork died
 36057 | Swamp:3  | Reached XP level 18. HP: 177/177 MP: 20/20
 37354 | Swamp:4  | Entered Level 4 of the Swamp
 37932 | Swamp:4  | Noticed the 27-headed Lernaean hydra
 38421 | Swamp:4  | Killed the 26-headed Lernaean hydra
 39017 | Swamp:4  | Got a decaying rune of Zot
 39379 | Vaults:1 | Entered Level 1 of the Vaults
 39714 | Vaults:1 | Reached XP level 19. HP: 179/187 MP: 22/22
 39719 | Vaults:1 | Gained Wargath as an ally
 39901 | Vaults:1 | Gained Norbak as an ally
 39902 | Vaults:1 | Your ally Wargath died
 39904 | Vaults:1 | Your ally Norbak died
 41895 | Vaults:2 | Found Omeduzup's Weapon Boutique.
 42161 | Vaults:2 | Noticed Bai Suzhen
 42168 | Vaults:2 | Killed Bai Suzhen
 42520 | Vaults:2 | Found Quam's Jewellery Emporium.
 42838 | Vaults:2 | Reached XP level 20. HP: 153/200 MP: 23/23
 42977 | Vaults:2 | Identified the +7 falchion of Wuydghit {vorpal, *Noise
                  | rElec rN+ Dex+6}
 44368 | Vaults:3 | Noticed Jory
 44383 | Vaults:3 | Killed Jory
 44528 | Vaults:3 | Found Liph's Magic Scroll Shop.
 44536 | Vaults:3 | Bought a scroll of teleportation for 54 gold pieces
 44536 | Vaults:3 | Bought a scroll of enchant armour for 135 gold pieces
 44536 | Vaults:3 | Bought a scroll of teleportation for 54 gold pieces
 44544 | Vaults:3 | Noticed Boris
 44576 | Vaults:3 | Killed Boris
 44576 | Vaults:3 | Noticed Asterion
 44592 | Vaults:3 | Killed Asterion
 44594 | Vaults:3 | Your ally Bogwik died
 44602 | Vaults:3 | Your ally Warbeogh died
 44604 | Vaults:3 | Your ally Bogbrand died
 44969 | Vaults:3 | Reached skill level 5 in Invocations
 45150 | Vaults:3 | Found an ancient bone altar of Kikubaaqudgha.
 45151 | Vaults:3 | Found a staircase to the Crypt.
 45152 | Vaults:3 | Found a basalt altar of Yredelemnul.
 45619 | Vaults:4 | Reached XP level 21. HP: 203/212 MP: 25/25
 45945 | Vaults:4 | Identified the +0 pair of boots of Plasticity {rF+}
 46544 | Vaults:4 | Identified the +2 robe "Tili" {Dex+2}
 46620 | Vaults:4 | Gained Murdo as an ally
 46682 | Vaults:4 | Your ally Murdo died
 46705 | Vaults:4 | Identified the +8 great sword of Earthquakes {flame, rC+
                  | Str+7}
 46712 | Vaults:4 | Gained Warbeogh as an ally
 48250 | Vaults:5 | Entered Level 5 of the Vaults
 48728 | Vaults:5 | Identified the +6 spear of Caucweq {speed, Will+ Str+3
                  | Dex+3 SInv}
 48735 | Vaults:5 | Noticed an ancient lich
 48773 | Vaults:5 | Reached XP level 22. HP: 143/224 MP: 26/26
 49125 | Vaults:5 | Gained Zartorak as an ally
 49520 | Vaults:5 | Gained Oreg as an ally
 49586 | Vaults:5 | Your ally Oruk died
 49713 | Vaults:5 | Killed an ancient lich
 49796 | Vaults:5 | Identified the +6 rapier of the Sybil {vorpal, rN+ rCorr
                  | Str+7}
 50657 | Vaults:5 | Got the Textbook on Collective Translocation
 50665 | Vaults:5 | Got a silver rune of Zot
 50758 | Vaults:5 | Got the Precepts of the Whammy
 50944 | Vaults:5 | Identified the ring of the Bull {rPois Int+3}
 51380 | Slime:1  | Entered Level 1 of the Pits of Slime
 51397 | Slime:1  | Gained Gorg as an ally
 51419 | Slime:2  | Gained mutation: You are partially covered in iridescent
                  | scales. (AC +2) [a shining eye]
 51421 | Slime:2  | Gained mutation: You have a pair of small horns on your
                  | head. [a shining eye]
 51426 | Slime:2  | Gained mutation: You occasionally lose the ability to drink
                  | potions when taking damage. [a shining eye]
 51992 | Slime:5  | Entered Level 5 of the Pits of Slime
 52181 | Slime:5  | Noticed the Royal Jelly
 53113 | Slime:4  | Gained Hilgar as an ally
 53153 | Slime:3  | Your ally Hilgar died
 53206 | Slime:5  | Gained Herok as an ally
 53230 | Slime:5  | Reached XP level 23. HP: 230/236 MP: 27/27
 53357 | Slime:5  | Found a viscous altar of Jiyva.
 53363 | Slime:5  | Your ally Herok died
 53450 | Slime:5  | Killed the Royal Jelly
 53803 | Slime:5  | Identified the ring of Wonder {Ice rN+ rCorr Str+2}
 53864 | Slime:5  | Got the Octavo of Charming Direction
 53866 | Slime:5  | Identified the +7 shortbow "Qoburuos" {flame, rN++ Int-4
                  | SInv}
 53876 | Slime:5  | Got a slimy rune of Zot
 53906 | Slime:5  | Lost mutation: You occasionally lose the ability to drink
                  | potions when taking damage. [potion of mutation]
 53906 | Slime:5  | Lost mutation: You have a pair of small horns on your head.
                  | [potion of mutation]
 53906 | Slime:5  | Gained mutation: You have a beak for a mouth. [potion of
                  | mutation]
 53906 | Slime:5  | Gained mutation: You are mostly covered in iridescent
                  | scales. (AC +4) [potion of mutation]
 54802 | Vaults:2 | Bought a ring of willpower for 400 gold pieces
 54807 | Vaults:2 | Gained mutation: You are weak. (Str -2) [mutagenic glow]
 55093 | Elf:1    | Entered Level 1 of the Elven Halls
 55646 | Elf:1    | Identified the +5 quarterstaff "Xubees" {vamp, rN+ Int+4
                  | Dex+3}
 56367 | Elf:1    | Gained Morbeogh as an ally
 56409 | Elf:1    | Paralysed by an air elemental for 1 turns
 56415 | Elf:1    | Paralysed by an air elemental for 1 turns
 56422 | Elf:1    | Paralysed by an air elemental for 1 turns
 56427 | Elf:1    | Paralysed by an air elemental for 1 turns
 56432 | Elf:1    | Paralysed by an air elemental for 1 turns
 57323 | Elf:2    | Paralysed by an air elemental for 1 turns
 57536 | Elf:2    | Acquired the brooch of Shielding {Spirit SH+8}
 57536 | Elf:2    | Found the brooch of Shielding {Spirit SH+8}
 57572 | Elf:2    | Found a shimmering blue altar of Sif Muna.
 57834 | Elf:2    | Found Sosef's Book Shop.
 58076 | Elf:2    | Found a huge runed translucent gate.
 58078 | Elf:2    | Found a huge runed translucent gate.
 58078 | Elf:2    | Found a huge runed translucent gate.
 58079 | Elf:2    | Found a huge runed translucent gate.
 58079 | Elf:2    | Found a huge runed translucent gate.
 59060 | Elf:3    | Entered Level 3 of the Elven Halls
 59072 | Elf:3    | Paralysed by an air elemental for 1 turns
 59078 | Elf:2    | Paralysed by an air elemental for 1 turns
 59161 | Elf:3    | Paralysed by an air elemental for 1 turns
 59169 | Elf:3    | Paralysed by an air elemental for 1 turns
 59174 | Elf:3    | Paralysed by an air elemental for 1 turns
 59179 | Elf:3    | Paralysed by an air elemental for 1 turns
 59183 | Elf:3    | Paralysed by an air elemental for 1 turns
 59468 | Elf:3    | Reached skill level 27 in Shields
 59485 | Elf:3    | Reached skill level 27 in Fighting
 59498 | Elf:3    | Paralysed by an air elemental for 1 turns
 59503 | Elf:3    | Paralysed by an air elemental for 1 turns
 59809 | Elf:3    | Identified the +4 scimitar "Heddouxt" {vorpal, rElec}
 59828 | Elf:3    | Identified the amulet of the Prince {Spirit Harm rElec
                  | rCorr Stlth-}
 59973 | Elf:3    | Reached XP level 24. HP: 239/249 MP: 28/28
 60006 | Elf:3    | Identified the +7 long sword "Biv Jeisum" {pain, Str+3}
 60007 | Elf:3    | Identified the ring "Tutohin" {rCorr EV+4}
 60066 | Elf:3    | Identified the +4 flail "Qewuw" {flame, rElec Str+4 Int-2
                  | SInv}
 60083 | Elf:3    | Got the Anthology of Evolution and Breath
 60098 | Elf:3    | Identified the +6 whip of Ascent {elec, rElec rCorr}
 60099 | Elf:3    | Identified the +1 cloak of Zilufua {Fly rC+ Int-2 Slay+2}
 60101 | Elf:3    | Identified the +5 trident "Qaomeyth" {vorpal, Dex+6}
 60108 | Elf:3    | Identified the +8 mace "Xiofapt" {speed, rN+ rCorr Str-5
                  | SInv}
 60451 | Elf:3    | Gained Bolgrim as an ally
 60589 | Elf:3    | Found an ancient bone altar of Kikubaaqudgha.
 60822 | Elf:3    | Got the Vellum of the Quarry
 61058 | Elf:3    | Paralysed by an air elemental for 1 turns
 61265 | Elf:3    | Lost mutation: You have a beak for a mouth. [potion of
                  | mutation]
 61265 | Elf:3    | Lost mutation: You are mostly covered in iridescent scales.
                  | (AC +4) [potion of mutation]
 61265 | Elf:3    | Lost mutation: You are partially covered in iridescent
                  | scales. (AC +2) [potion of mutation]
 61265 | Elf:3    | Lost mutation: You are weak. (Str -2) [potion of mutation]
 61265 | Elf:3    | Gained mutation: Armour fits poorly on your strangely
                  | shaped body. [potion of mutation]
 61265 | Elf:3    | Gained mutation: Your flesh is heat resistant. (rF+)
                  | [potion of mutation]
 61265 | Elf:3    | Gained mutation: You are agile. (Dex +4, Str/Int -1)
                  | [potion of mutation]
 61833 | Crypt:1  | Entered Level 1 of the Crypt
 61859 | Vaults:3 | Gained Marbaugh as an ally
 62923 | Crypt:2  | Found a magical portal.
 62934 | WizLab   | Entered Yara's Duelist Academy
 63171 | WizLab   | Got Yara's Compendium of Execration
 63441 | WizLab   | Noticed Lolan
 63451 | WizLab   | Killed Lolan the Head Instructor
 64422 | Crypt:2  | Found the +8 Vampire's Tooth {vamp}
 64673 | Crypt:3  | Entered Level 3 of the Crypt
 64940 | Crypt:3  | Found an ancient bone altar of Kikubaaqudgha.
 65468 | Crypt:3  | Reached XP level 25. HP: 257/257 MP: 30/30
 65536 | Crypt:3  | Reached skill level 10 in Invocations
 66036 | Crypt:3  | Gained Bogbarth as an ally
 66036 | Crypt:3  | Gained Berold as an ally
 66446 | Crypt:3  | Got the Omnibus of Called Diablerie
 66455 | Crypt:3  | Your ally Berold died
 66480 | Crypt:3  | Identified the +2 pair of gloves of Card Tricks {rC+ Str+3
                  | Int-5}
 66485 | Crypt:3  | Identified the +7 war axe "Dioleutt" {vorpal, rElec Str+2
                  | Int-5 Dex+2}
 66697 | Crypt:3  | Found a staircase to the Tomb.
 67115 | Tomb:1   | Entered Level 1 of the Tomb of the Ancients
 68065 | Tomb:1   | Noticed a royal mummy
 68077 | Tomb:1   | Killed a royal mummy
 68090 | Tomb:1   | Your ally Bogbarth died
 69107 | D:14     | Lost mutation: You are agile. (Dex +4, Str/Int -1) [potion
                  | of mutation]
 69107 | D:14     | Lost mutation: Your flesh is heat resistant. (rF+) [potion
                  | of mutation]
 69107 | D:14     | Lost mutation: Armour fits poorly on your strangely shaped
                  | body. [potion of mutation]
 69107 | D:14     | Gained mutation: You are frail. (-10% HP) [potion of
                  | mutation]
 69107 | D:14     | Gained mutation: You possess an exceptional clarity of
                  | mind. [potion of mutation]
 69107 | D:14     | Gained mutation: Your natural rate of healing is unusually
                  | fast. [potion of mutation]
 69108 | D:14     | Lost mutation: Your natural rate of healing is unusually
                  | fast. [potion of mutation]
 69108 | D:14     | Lost mutation: You are frail. (-10% HP) [potion of
                  | mutation]
 69108 | D:14     | Lost mutation: You possess an exceptional clarity of mind.
                  | [potion of mutation]
 69108 | D:14     | Gained mutation: You have a pair of small antennae on your
                  | head. [potion of mutation]
 69108 | D:14     | Gained mutation: You have large cloven feet. [potion of
                  | mutation]
 69108 | D:14     | Gained mutation: You occasionally lose the ability to drink
                  | potions when taking damage. [potion of mutation]
 69108 | D:14     | Gained mutation: You are partially covered in iridescent
                  | scales. (AC +2) [potion of mutation]
 69347 | D:15     | Entered Level 15 of the Dungeon
 69706 | D:15     | Noticed Josephine
 69712 | D:15     | Killed Josephine
 69945 | D:15     | Found a staircase to the Depths.
 70186 | Depths:1 | Entered Level 1 of the Depths
 70188 | Depths:1 | Found a gateway to Hell.
 70294 | Depths:1 | Found a hide-covered altar of Uskayaw.
 70528 | Depths:1 | Found Ybyduzur's Book Emporium.
 70529 | Depths:1 | Found Syig's Jewellery Boutique.
 70529 | Depths:1 | Found Vusmeesi's Jewellery Boutique.
 70535 | Depths:1 | Bought the ring of the Lusting Saviour {rF++ rC++ rN+
                  | Int-4} for 589 gold pieces
 70731 | Depths:1 | Gained Milork as an ally
 70972 | Depths:1 | Found Oreud's Book Emporium.
 71192 | Depths:1 | Noticed Boris
 71199 | Depths:1 | Killed Boris
 72299 | Depths:2 | Noticed a juggernaut
 72320 | Depths:2 | Killed a juggernaut
 72743 | Depths:2 | Reached skill level 27 in Armour
 72892 | Depths:2 | Identified the +0 scale mail of the Wheelwright {Rampage
                  | rPois}
 72900 | Depths:2 | Reached XP level 26. HP: 255/266 MP: 33/33
 73110 | Depths:2 | Identified the ring of Seusk {MP+9 EV+4 Slay+3}
 73135 | Depths:1 | Reached skill level 15 in Invocations
 73235 | Depths:2 | Noticed Boris
 73249 | Depths:2 | Killed Boris
 73353 | Depths:2 | Gained Olfrun as an ally
 73381 | Depths:2 | Found a one-way gate to the infinite horrors of the Abyss.
 73383 | Depths:2 | Identified the +3 scale mail of the Bulwark {rN+ Dex+2}
 73808 | Depths:2 | Found Xamuori's Vocational Training.
 73816 | Depths:2 | Bought a manual of Evocations for 1520 gold pieces
 73816 | Depths:2 | Bought a manual of Invocations for 1520 gold pieces
 73841 | Depths:2 | Your ally Olfrun died
 73875 | Depths:2 | Found a sacrificial altar of Ru.
 73951 | Depths:2 | Found a one-way gate leading to the halls of Pandemonium.
 73958 | Depths:2 | Gained Bogbarth as an ally
 74122 | Depths:2 | Found Xoarchig's Assorted Antiques.
 74128 | Depths:2 | Bought a scroll of blinking for 337 gold pieces
 74128 | Depths:2 | Bought a scroll of blinking for 337 gold pieces
 74494 | Depths:3 | Found a one-way gateway to a ziggurat.
 74547 | Depths:3 | Found Poasch's General Store.
 74630 | Depths:3 | Lost mutation: You occasionally lose the ability to drink
                  | potions when taking damage. [a cacodemon]
 74631 | Depths:3 | Reached skill level 5 in Evocations
 75311 | Depths:3 | You fall into a shaft and drop 1 floor!
 75311 | Depths:4 | Entered Level 4 of the Depths
 75957 | Depths:4 | Found a gate to the Realm of Zot.
 76978 | Depths:3 | Your ally Bogbarth died
 77176 | Depths:3 | Reached XP level 27. HP: 162/273 MP: 38/38
 77642 | Depths:3 | Noticed the Enchantress
 77647 | Depths:3 | Noticed a juggernaut
 77682 | Depths:3 | Killed a juggernaut
 78084 | Depths:3 | Identified the +9 long sword of the Incandescent {elec, rN+
                  | rCorr Stlth+}
 78086 | Depths:3 | Noticed a juggernaut
 78092 | Depths:3 | Killed the Enchantress
 78104 | Depths:3 | Killed a juggernaut
 78105 | Depths:3 | Reached skill level 10 in Evocations
 78292 | Depths:3 | Identified the +4 bardiche of Wrath {vorpal, rCorr Dex+3}
 78517 | Zot:1    | Entered Level 1 of the Realm of Zot
 81518 | Zot:2    | Reached skill level 27 in Invocations
 82359 | Zot:3    | Noticed Vv
 82392 | Zot:3    | Killed Vv
 82999 | Zot:3    | Found a runed translucent gate.
 82999 | Zot:3    | Found a runed translucent gate.
 82999 | Zot:3    | Found a runed translucent gate.
 83000 | Zot:3    | Noticed Cankoss's ghost (veteran TrGl)
 83046 | Zot:3    | Killed Cankoss's ghost
 83058 | Zot:3    | Identified the ring "Xyehix" {rF+ rN+ Str+3}
 84257 | Zot:4    | Found a large runed translucent door.
 84257 | Zot:4    | Found a large runed translucent door.
 84258 | Zot:4    | Noticed Pongem's ghost (legendary MiAK)
 84508 | Zot:4    | Reached skill level 15 in Evocations
 85810 | Zot:4    | Identified the +1 glaive of Apynionuo {vorpal, *Rage rCorr
                  | Str+4 Dex+3}
 86270 | Zot:4    | Gained Learuk as an ally
 87389 | Zot:4    | Killed Pongem's ghost
 87426 | Zot:5    | Entered Level 5 of the Realm of Zot
 88807 | Zot:5    | Noticed an orb of fire
 88811 | Zot:5    | Gained mutation: Your body sometimes deteriorates upon
                  | taking damage. [an orb of fire]
 88814 | Zot:5    | Gained mutation: You are weak. (Str -2) [an orb of fire]
 88818 | Zot:5    | Killed an orb of fire
 88841 | Zot:5    | Lost mutation: Your body sometimes deteriorates upon taking
                  | damage. [potion of mutation]
 88841 | Zot:5    | Lost mutation: You are partially covered in iridescent
                  | scales. (AC +2) [potion of mutation]
 88841 | Zot:5    | Gained mutation: You are strong-willed. (Will+) [potion of
                  | mutation]
 88841 | Zot:5    | Gained mutation: You are very weak. (Str -4) [potion of
                  | mutation]
 88841 | Zot:5    | Gained mutation: You are agile. (Dex +4, Str/Int -1)
                  | [potion of mutation]
 88842 | Zot:5    | Lost mutation: You are strong-willed. (Will+) [potion of
                  | mutation]
 88842 | Zot:5    | Lost mutation: You have large cloven feet. [potion of
                  | mutation]
 88842 | Zot:5    | Lost mutation: You are agile. (Dex +4, Str/Int -1) [potion
                  | of mutation]
 88842 | Zot:5    | Gained mutation: Your mind is acute. (Int +4, Str/Dex -1)
                  | [potion of mutation]
 88842 | Zot:5    | Gained mutation: You have sharp toenails. [potion of
                  | mutation]
 88882 | Zot:5    | Noticed a dread lich
 89156 | Zot:5    | Noticed an orb of fire
 89240 | Zot:5    | Killed an orb of fire
 89240 | Zot:5    | Killed a dread lich
 89241 | Zot:5    | Noticed an orb of fire
 89241 | Zot:5    | Your ally Marbaugh died
 89242 | Zot:5    | Killed an orb of fire
 89312 | Zot:5    | Noticed a dread lich
 89325 | Zot:5    | Killed a dread lich
 89330 | Zot:5    | Noticed an orb of fire
 89497 | Zot:4    | Killed an orb of fire
 89646 | Zot:5    | Noticed an orb of fire
 89769 | Zot:4    | Killed an orb of fire
 89885 | Zot:5    | Noticed an orb of fire
 89888 | Zot:5    | Gained mutation: Your magical capacity is low. (-10% MP)
                  | [an orb of fire]
 89894 | Zot:4    | Your ally Oreg died
 89898 | Zot:4    | Killed an orb of fire
 89899 | Zot:4    | Lost mutation: Your magical capacity is low. (-10% MP)
                  | [potion of mutation]
 89899 | Zot:4    | Lost mutation: You have a pair of small antennae on your
                  | head. [potion of mutation]
 89899 | Zot:4    | Lost mutation: Your mind is acute. (Int +4, Str/Dex -1)
                  | [potion of mutation]
 89899 | Zot:4    | Gained mutation: You are partially covered in large bone
                  | plates. (SH +4) [potion of mutation]
 89899 | Zot:4    | Gained mutation: You have supernaturally acute eyesight.
                  | (SInv) [potion of mutation]
 90861 | Zot:5    | Got the Orb of Zot
 90895 | Zot:5    | Noticed Ixaotide the pandemonium lord
 91610 | D:$      | Escaped with the Orb!

Illustrated notes

Levels and vault maps discovered:
D:1:      heliophobic_arrival_glass_houses, layout_rooms,
          chequers_serial_rivers_small_a
D:2:      layout_loops_ring, shapermc_ecumenical_altar_hornbeckon,
          grunt_ministairs_1
D:3:      layout_loops_ring, yredelemnul_forgotten_temple_becter, bloody_trog,
          ebering_ghost_disaster_area, amcnicky_mini_pool_small, minmay_cupped,
          uniq_crazy_yiuf_cottage
D:4:      layout_loops_ring, okawaru_gym_becter, gammafunk_ghost_grave,
          portal_sewer_entry_b, grunt_ministairs_5, minmay_hedge_maze,
          solitary_fountain
D:5:      layout_rooms
D:6:      layout_basic, nicolae_overflow_hidden_temple, temple_statues,
          grunt_decor_cap
D:7:      layout_basic
D:8:      layout_basic, kennysheep_mini, mainiacjoe_overflow_large_starburst,
          enter_bailey_2
D:9:      layout_roguey, mainiacjoe_overflow_alcove_1,
          eat_drink_and_be_merry_uskayaw, grunt_lair_entry_orc_guard_hut,
          uniq_maggie
D:10:     hellmonk_ruined_rings, layout_irregular_city, david_orc_1_choice,
          nicolae_trove_entry_path_of_doom
D:11:     layout_cave_pods, serial_glass, glass_columns_a, glass_columns_a,
          glass_columns_a, lightli_elemental_guards
D:12:     layout_irregular_city, serial_shops, shop, uniq_azrael
D:13:     layout_rooms, david_vaults_4,
          portal_ice_cave_entry_animals_and_master, serial_shops,
          nicolae_shop_behind_doors
D:14:     layout_roguey
D:15:     grunt_enter_depths_hoard, layout_long_grid, uniq_josephine
Lair:1:   layout_layer_cave, nicolae_lair_run_with_the_wolves
Lair:2:   layout_loops_ring, palyth_hydra_swamp_entry, gauntlet_entry_generic
Lair:3:   layout_small_grid, guppyfry_snake_entry_garden,
          nicolae_volcano_entry_lava_flow, st_stairs_8
Lair:4:   layout_cave_pods, chequers_serial_rivers_small_b
Lair:5:   minmay_lair_end_enchanted_forest, layout_gridlike, slime_entry_1,
          minivault_27, lemuel_fruit_tree, grunt_megastairs_4,
          infiniplex_staircase_pool_2
Swamp:1:  layout_basic_swamp, serial_swamp_ruin, evilmike_swamp_ruin_house_2,
          evilmike_swamp_ruin_house_3, evilmike_swamp_ruin_house_6, swamp_pool1,
          hangedman_swamp_pad
Swamp:2:  layout_falls_marsh, evilmike_swamp_ruin_house_1
Swamp:3:  nzn_winding_woodlands_cross [nzn_winding_woodlands_5x15_garden,
          nzn_winding_woodlands_5x15_sawtooth, nzn_winding_woodlands_5x15_pool,
          nzn_winding_woodlands_5x15_parted,
          nzn_winding_woodlands_15x15_witchcraft], layout_basic_swamp,
          nicolae_swamp_stair_fork, swamp_pool1, infiniplex_staircase_pool
Swamp:4:  swamp_old_school, layout_basic_swamp, swamp_pool3
Snake:1:  layout_misc_corridors, serial_shops, nicolae_take_the_stairs,
          grunt_ministairs_9, drop_trap, minmay_shop_star
Snake:2:  layout_misc_corridors, special_room,
          nicolae_snake_ghostly_warrior_ritual
Snake:3:  layout_onion_interference, uniq_louise, uniq_mara
Snake:4:  snake_pit, layout_cave_town, grunt_megastairs_5, minmay_shoptagon
Slime:1:  layout_caves, nicolae_slime_barrier
Slime:2:  layout_caves
Slime:3:  layout_caves
Slime:4:  layout_caves
Slime:5
Orc:1:    layout_diamond_mine
Orc:2:    st_orc_open, layout_caves, mines5_lemuel, uniq_snorg
Elf:1:    minmay_elf_arrival_summoners, layout_geoelf_grid,
          minmay_elf_crystal_heptagon, drop_trap,
          nicolae_elf_loose_elemental_storage
Elf:2:    elven_hall_of_blades_hangedman_alternative
          [nicolae_blade_entry_diamond_columns], layout_geoelf_grid,
          serial_shops, shop, basic_altar, st_stairs_2, lemuel_elevator
Elf:3:    minmay_elf_hall_furrowed, layout_loops_ring, lemuel_statue_altar,
          nicolae_elf_elemental_lessons, grunt_megastairs_2
Vaults:1: v_rooms_3, v_alt_pattern_1, nicolae_vaults_little_ls, st_octagons_2,
          v_misc_10, vaults_room_boxed, v_misc_2,
          ontoclasm_vaults_loading_screen, vaults_room_pools,
          layout_vaults_big_room
Vaults:2: vaults_room_stairs_pillars, nicolae_vaults_what_the_h, v_misc_8,
          vaults_room_large_hall, grunt_vaults_focal, vaults_room_corners,
          nicolae_vaults_little_squares_6, nicolae_vaults_network_s, v_misc_13,
          layout_vaults_quadrants, serial_shops, nicolae_shop_advertising_works
          [nicolae_subvault_shop_adworks], nicolae_shop_bloodbath_and_beyond,
          uniq_bai_suzhen
Vaults:3: v_pattern_3, minmay_crypt_entry_necro_gods,
          nicolae_vaults_bisected_exclaves, nicolae_vaults_little_squares_3,
          vaults_room_fancy_cross, nicolae_vaults_twisting_passages,
          hangedman_vaults_stretched_pinwheel, ontoclasm_vaults_idyll,
          ontoclasm_vaults_fault, nicolae_vaults_windows_and_doors_thing,
          nicolae_vaults_little_squares_3, grunt_vaults_trifunnel,
          nicolae_vaults_yaktaur_gun_rack, ontoclasm_vaults_shuriken,
          layout_vaults_omnicross, serial_shops, shop, uniq_jory, uniq_asterion,
          uniq_boris
Vaults:4: hangedman_vaults_unwind, v_misc_2, v_misc_9, v_misc_15,
          nicolae_vaults_alarming, v_misc_1, st_eye, nicolae_vaults_theta,
          nicolae_vaults_network_periphery, vaults_room_semicircle,
          ontoclasm_vaults_decontamination, v_alt_pattern_1, v_misc_13,
          layout_vaults_maze_bifur
Vaults:5
Crypt:1:  layout_chaotic_city, grunt_ministairs_13
Crypt:2:  layout_chaotic_city, mu_enter_wizlab_1,
          minmay_guarded_unrand_vampires_tooth
Crypt:3:  grunt_crypt_end_deaths_head
Tomb:1
Depths:1: layout_basic, pf_vacation_house_of_asmodeus, serial_shops,
          nicolae_shop_stone, chequers_big_river, nicolae_danse_macabre,
          serial_bayou_shore_b, minmay_shop_grove
Depths:2: minmay_the_grid_square_5x5_4x4
          [minmay_the_grid_square_5x5_two_walls_a,
          minmay_the_grid_square_5x5_hourglass,
          minmay_the_grid_square_5x5_bracketed, minmay_the_grid_square_5x5_six,
          minmay_the_grid_square_5x5_meh, minmay_the_grid_square_5x5_prize_junk,
          minmay_the_grid_square_5x5_prize_gold,
          minmay_the_grid_square_5x5_dogpile, minmay_the_grid_square_5x5_comb,
          minmay_the_grid_square_5x5_prize_deathbox,
          minmay_the_grid_square_5x5_prize_snowflake,
          minmay_the_grid_square_5x5_minibox, minmay_the_grid_square_5x5_forky,
          minmay_the_grid_square_5x5_inner_i,
          minmay_the_grid_square_5x5_broken_cross,
          minmay_the_grid_square_5x5_moneybag], layout_cave_pools, serial_shops,
          nicolae_shop_overgrown_old_shop, abyss_entry, nicolae_ru_awakened_eye,
          grunt_pan_entry_zigzag, grunt_hell_entry_dis_grunt,
          nicolae_shop_vocational
Depths:3: gammafunk_depths_water_palace, layout_basic, enter_ziggurat_c,
          hell_entry, nicolae_abyss_entry_one_way_or_another, serial_shops,
          nicolae_shop_crystal, wad_dig_loot
Depths:4: evilmike_zot_entry_hall, layout_cave_shapes, minmay_door_square,
          hell_entry, drop_trap, minmay_shattered_shrine
Zot:1:    layout_basic
Zot:2:    layout_onion, st_single_dragon_hoard_3, drop_trap
Zot:3:    layout_gridlike, ebering_ghost_rock_garden, uniq_vv
Zot:4:    minmay_elemental_castle, layout_basic, ebering_ghost_disaster_area
Zot:5:    layout_basic

Skill      XL: |  1  2  3  4  5  6  7  8  9 10 11 12 13 14 15 16 17 18 19 20 21 22 23 24 25 26 27 |
---------------+----------------------------------------------------------------------------------+-----
Fighting       | 4 5 6 7 8 10 12 14 16 17 18 19 20 22 23 24 26 27 | 27.0
Axes           | 5 6 7 8 10 12 14 16 17 18 | 18.0
Armour         | 1 2 3 4 6 8 9 10 12 13 15 16 17 18 19 20 21 24 27 | 27.0
Shields        | 1 2 3 4 5 8 11 13 14 16 18 20 21 23 24 25 27 | 27.0
Evocations     | 1 2 3 9 21 | 21.3
Invocations    | 1 3 4 5 6 9 14 23 27 | 27.0
Throwing       | |  0.9
Dodging        | |  2.9
Stealth        | |  1.5

Action                   |  1- 3 |  4- 6 |  7- 9 | 10-12 | 13-15 | 16-18 | 19-21 | 22-24 | 25-27 || total
-------------------------+-------+-------+-------+-------+-------+-------+-------+-------+-------++-------
Melee: Hand axe          |   123 |   501 |   255 |       |       |       |       |       |       ||   879
       Punch             |     2 |     4 |       |       |       |       |       |       |       ||     6
       War axe           |       |       |    79 |       |       |       |       |       |       ||    79
       Broad axe         |       |       |       |   325 |   678 |   952 |   970 |  1717 |  2382 ||  7024
       Headbutt          |       |       |       |       |       |       |       |    76 |       ||    76
       Peck              |       |       |       |       |       |       |       |   165 |       ||   165
Throw: Dart              |       |       |     5 |       |       |       |       |       |       ||     5
Invok: Convert to Beogh  |       |       |     1 |       |       |       |       |       |       ||     1
       Recall Orcish Fol |       |       |       |     1 |     4 |     6 |     6 |     8 |    28 ||    53
       Stop Recall       |       |       |       |       |     2 |     1 |       |     1 |     4 ||     8
       Give Item to Name |       |       |       |       |     2 |     1 |     2 |     4 |     5 ||    14
       Smiting           |       |       |       |       |       |    14 |     9 |    31 |    61 ||   115
Evoke: Wand              |       |     3 |    22 |     2 |     3 |       |     1 |     3 |     5 ||    39
  Use: Scroll            |       |     4 |     7 |    12 |    19 |     7 |     2 |    18 |    12 ||    81
       Potion            |       |       |     9 |       |     3 |     2 |     2 |     6 |    24 ||    46
 Stab: Sleeping          |     1 |       |       |       |       |       |       |       |       ||     1
       Distracted        |       |       |       |     6 |     7 |     8 |     8 |     4 |    17 ||    50
       Confused          |       |       |       |     3 |     1 |     1 |       |     2 |       ||     7
       Paralysed         |       |       |       |       |     1 |       |     1 |     1 |       ||     3
       Invisible         |       |       |       |       |       |       |       |       |     7 ||     7
Armor: Ring mail         |    66 |     5 |       |       |       |       |       |       |       ||    71
       Scale mail        |       |   117 |    48 |       |       |       |       |       |       ||   165
       Plate armour      |       |       |    91 |       |       |       |       |       |       ||    91
       Crystal plate arm |       |       |       |   294 |   457 |   722 |   390 |   547 |   870 ||  3280
Dodge: Dodged            |    93 |   124 |   134 |   152 |   405 |   364 |   176 |   303 |   491 ||  2242
Block: Buckler           |       |    21 |    72 |   155 |   433 |       |       |       |       ||   681
       Kite shield       |       |       |       |       |    22 |    53 |       |       |       ||    75
       Tower shield      |       |       |       |       |       |  1134 |  1010 |  1856 |  2730 ||  6730
